 Dungeon Crawl Stone Soup version 0.31.0-1-g2c135a008e (webtiles) character file.

Game seed: 661955373495398325

39 Destapler the Ruffian (level 3, -3/33 HPs)
             Began as a Troll Shapeshifter on Jan 21, 2024.
             Slain by a gnoll
             ... wielding a +0 spear
              (9 damage)
             ... on level 2 of the Dungeon.
             The game lasted 00:00:55 (974 turns).

Destapler the Ruffian (Troll Shapeshifter)           Turns: 974, Time: 00:00:55

Health: -3/33      AC:  4    Str: 24    XL:     3   Next: 26%
Magic:  2/2        EV:  5    Int:  6    God:
Gold:   68         SH:  0    Dex:  9    Spells: 2/2 levels left

rFire   . .          .
                       - Unarmed
rCold   . . .        (no shield)
rNeg    . . .        a - +0 animal skin
rPois   .            (helmet currently unavailable)
rElec   .            (cloak currently unavailable)
rCorr   .            (gloves unavailable)
SInv    .            (boots unavailable)
Will    .....        (no amulet)
Stlth   +            (no ring)
HPRegen 1.05/turn    (no ring)
MPRegen 0.08/turn

%: no passive effects
@: beast-form, held
A: beast (slay +1), large, unfitting armour, claws 3, regeneration 1, shaggy fur
1, tough skin 1
a: Begin Untransformation


You were on level 2 of the Dungeon.
You were a hulking beast.
You visited 1 branch of the dungeon, and saw 2 of its levels.

You collected 68 gold pieces.

Inventory:

Missiles
 e - 3 javelins (quivered)
Armour
 a - a +0 animal skin (worn)
Talismans
 c - a beast talisman
 d - a flux talisman
Scrolls
 f - 2 scrolls of identify {unknown}
 h - a scroll of teleportation {unknown}
 j - a scroll of torment {unknown}
 l - a scroll of amnesia {unknown}
Potions
 b - a potion of lignification
 g - a potion of mutation {unknown}
 i - 2 potions of curing {unknown}
 k - 2 potions of attraction {unknown}


   Skills:
 + Level 1.2 Fighting
 + Level 1.0 Throwing
 + Level 2.0 Dodging
 + Level 3.3 Unarmed Combat
 + Level 3.2 Shapeshifting


You had 2 spell levels left.
You didn't know any spells.
Your spell library was empty.

Dungeon Overview and Level Annotations

Branches:
Dungeon (2/15)

Altars:


Innate Abilities, Weirdness & Mutations

You are a hulking beast.
Your limbs bulge with bestial killing power. (Slay +1)
You are too large for most types of armour.
You have claws for hands.
Your natural rate of healing is unusually fast.
You are covered in fur. (AC +1)
You have tough skin. (AC +1)


Message History

You claw the kobold!
You kill the kobold!
Your Dodging skill increases to level 2!
No target in view!
HP restored.
You now have 68 gold pieces (gained 17).
i - 2 ruby potions (gained 1)
A gnoll comes into view. It is wielding a +0 flail.
The gnoll shouts!
You see here a +6 ring of dexterity.
A gnoll comes into view. It is wielding a +0 spear.
The gnoll shouts!
There are monsters nearby!
There are monsters nearby!
A gnoll comes into view. It is wielding a +0 spear.
Found 10 gold pieces.
The gnoll shouts!
There are monsters nearby!
A ribbon worm and an endoplasm come into view.
Found 9 gold pieces.
The ribbon worm expels a string of sticky webbing.
The stream of webbing hits you but does no damage.
You are caught in a web!
A ribbon worm comes into view. x2
The gnoll hits you with a +0 flail!
There is a web here.
Unknown command.
You struggle to detach yourself from the web.
The gnoll barely misses you. The gnoll hits you but does no damage.
You struggle to detach yourself from the web.
The endoplasm quivers.
The gnoll hits you with a +0 flail!
* * * LOW HITPOINT WARNING * * *
The gnoll hits you but does no damage.
You struggle to detach yourself from the web.
The gnoll hits you with a +0 flail!
* * * LOW HITPOINT WARNING * * *
The gnoll barely misses you.
The gnoll hits you from afar with a +0 spear!
You die...

#...
...$..
#...
.....
#.ww ....
#... ...
####...
J.
.....g.#.
#.g!w##
#.$gh.#
#####.##
#!.##
##.=#
##.# #.#
#.###
#...###
#.
###...##
#.


You could see 3 ribbon worms, 3 gnolls and an endoplasm.

Vanquished Creatures
  2 adders (D:2)
  A ball python (D:1)
  3 endoplasms
  A giant cockroach (D:1)
  A goblin (D:1)
  A hobgoblin (D:1)
  4 bats (D:1)
  A frilled lizard (D:1)
  3 kobolds
  5 rats
22 creatures vanquished.

Notes
Turn   | Place    | Note
-------+----------+-------------------------------------------
     0 | D:1      | Destapler the Troll Shapeshifter began the quest for the
                  | Orb.
     0 | D:1      | Reached XP level 1. HP: 18/18 MP: 0/0
   108 | D:1      | Reached skill level 1 in Fighting
   130 | D:1      | Reached XP level 2. HP: 27/27 MP: 1/1
   905 | D:2      | Reached skill level 1 in Throwing
   905 | D:2      | Reached XP level 3. HP: 33/33 MP: 2/2
   974 | D:2      | Slain by a gnoll

Illustrated notes

Levels and vault maps discovered:
D:1:      dpeg_arrival_tiny_a, layout_loops_corners,
          chequers_serial_rivers_large_b
D:2:      layout_basic, uniq_jessica

Skill      XL: |  1  2  3 |
---------------+----------+-----
Fighting       | 1 |  1.2
Throwing       | 1 |  1.0
Dodging        | 2 |  2.0
Unarmed Combat | |  3.3
Shapeshifting  | |  3.2

Action                     || total
---------------------------++-------
  Melee: Unarmed           ||    37
 Armour: Animal skin       ||    26
  Dodge: Dodged            ||    23
